 Dungeon Crawl Stone Soup version 0.25-a0-429-g4e4398398a (webtiles) character file.

Game seed: 1687835614181184737, levelgen mode: deterministic

371 Esekla the Chopper (level 6, 0/52 HPs)
             Began as a Ghoul Gladiator on Jan 25, 2020.
             Slain by Pikel
             ... wielding a +1 whip of flaming
              (8 damage)
             ... on level 5 of the Dungeon.
             The game lasted 00:22:15 (3584 turns).

Esekla the Chopper (Ghoul Gladiator)                Turns: 3584, Time: 00:22:15

Health: 0/52       AC:  5    Str: 20    XL:     6   Next: 71%
Magic:  5/5        EV: 12    Int:  3    God:
Gold:   173        SH:  0    Dex: 10    Spells: 5/5 levels left

rFire    . . .     SeeInvis .   a - +0 war axe
rCold    + + .     Gourm    .   (no shield)
rNeg     + + +     Faith    .   b - +0 leather armour
rPois    ∞         Spirit   .   c - +0 helmet
rElec    .         Reflect  .   (no cloak)
rCorr    .         Harm     .   h - +0 pair of gloves
MR       .....                  (no boots)
Stlth    +.........             r - amulet of regeneration
HPRegen  0.00/turn              o - ring of protection from cold (curse)
MPRegen  0.09/turn              (no ring)

@: rotting
A: rotting body, claws 1, carnivore, cold resistance 1, negative energy
resistance 3, inhibited regeneration, torment resistance, unbreathing
a: no special abilities


You were on level 5 of the Dungeon.
You were not hungry.

You visited 2 branches of the dungeon, and saw 6 of its levels.

You collected 173 gold pieces.

Inventory:

Hand Weapons
 a - a +0 war axe (weapon)
Missiles
 d - 3 throwing nets (quivered)
 y - 7 boomerangs
Armour
 b - a +0 leather armour (worn)
 c - a +0 helmet (worn)
 h - a +0 pair of gloves (worn)
Jewellery
 o - a cursed ring of protection from cold (left hand)
 r - an amulet of regeneration (around neck)
Wands
 v - a wand of digging (8)
Scrolls
 e - 4 scrolls of remove curse {unknown}
 j - a scroll of blinking {unknown}
 k - 2 scrolls of teleportation {unknown}
 n - 2 scrolls of enchant armour {unknown}
 q - a scroll of random uselessness {unknown}
 w - a scroll of noise {unknown}
 x - a scroll of immolation {unknown}
Potions
 g - a potion of agility {unknown}
 i - a potion of brilliance {unknown}
 l - 4 potions of curing {unknown}
 m - 3 potions of mutation {unknown}
 p - a potion of cancellation {unknown}
 s - a potion of degeneration {unknown}
 t - 2 potions of lignification {unknown}
 u - a potion of heal wounds {unknown}
Comestibles
 f - 8 rations


   Skills:
 * Level 4.2 Fighting
 + Level 4.9 Axes
 + Level 1.9 Throwing
 + Level 2.1 Armour
 + Level 3.3 Dodging


You had 5 spell levels left.
You didn't know any spells.
Your spell library was empty.

Dungeon Overview and Level Annotations

Branches:
Dungeon (5/15)             Temple (1/1) D:4

Altars:
Ashenzari
Cheibriados
Dithmenos
Gozag
Hepliaklqana
Kikubaaqudgha
Nemelex Xobeh
Okawaru
Ru
Trog
Uskayaw
Vehumet
Wu Jian
Xom
Yredelemnul
Zin

Annotations:
D:5 Pikel


Innate Abilities, Weirdness & Mutations

Your body is rotting away.
You thrive on raw meat.
You are immune to poison.
You have sharp fingernails.
You are carnivorous and can eat meat at any time.
Your flesh is cold resistant. (rC+)
You are immune to negative energy. (rN+++)
You do not regenerate when monsters are visible.
You are immune to unholy pain and torment.
You can survive without breathing.


Message History

Pikel hits you with a +1 whip of flaming!
* * * LOW HITPOINT WARNING * * *
Pikel burns you.
* * * LOW HITPOINT WARNING * * *
Eat a chunk of flesh? (ye/n/q)
You eat the chunk of flesh.
This raw flesh tastes great!
Pikel hits you with a +1 whip of flaming.
* * * LOW HITPOINT WARNING * * *
Pikel burns you.
* * * LOW HITPOINT WARNING * * *
You barely miss Pikel.
Pikel is heavily wounded.
Pikel hits you but does no damage.
Okay, then.
You hit Pikel.
Pikel is severely wounded.
You hear the slow hiss of a very distant avalanche of sand.
Pikel completely misses you.
Pikel hits you with a +1 whip of flaming!
You die...

#.# .. ##### #.# ... #....
... ....#.... ###.####
......... # ......#
...>..... #.##.##.# #
..........
##.#.#..p#.#.#.............
.......ppK@............#..#
.#.#.#.Zp#.#.#.........#<##
#.##.##.# # ..........
#.......# .........
#.####.####.# ##.#.....
#..=........# # #.....
.######.###### #.###.#.....
....###.# #.# ...........
........###.# ##........##


You could see Pikel, 4 slaves and an adder skeleton.

Vanquished Creatures
  Menkaure (D:4)
  An orc priest (D:3)
  3 worker ants
  5 adders
  3 oozes
  2 worms
  A dart slug (D:3)
  2 leopard geckos
  4 orcs
  9 bats
  3 giant cockroaches
  9 goblins
  7 hobgoblins
  A quokka (D:4)
  A ball python (D:4)
  5 frilled lizards
  6 kobolds
  9 rats
72 creatures vanquished.

Notes
Turn   | Place    | Note
-------+----------+-------------------------------------------
     0 | D:1      | Esekla the Ghoul Gladiator began the quest for the Orb.
     0 | D:1      | Reached XP level 1. HP: 17/17 MP: 0/0
   399 | D:1      | Reached XP level 2. HP: 25/25 MP: 1/1
  1161 | D:2      | Found a faded altar of an unknown god.
  1243 | D:2      | Reached XP level 3. HP: 29/30 MP: 2/2
  1275 | D:2      | Found a hazy altar of Hepliaklqana.
  1940 | D:3      | Reached XP level 4. HP: 11/34 MP: 3/3
  1984 | D:3      | Reached skill level 1 in Armour
  2084 | D:3      | Reached XP level 5. HP: 30/43 MP: 4/4
  2158 | D:3      | Found an opulent altar of Gozag.
  2223 | D:3      | Found a glowing silver altar of Zin.
  2458 | D:3      | Found a bloodstained altar of Trog.
  2723 | D:4      | Found a shadowy altar of Dithmenos.
  2961 | D:4      | Reached XP level 6. HP: 30/51 MP: 5/5
  3007 | D:4      | Noticed Menkaure
  3032 | D:4      | Killed Menkaure
  3086 | D:4      | Found a staircase to the Ecumenical Temple.
  3095 | Temple   | Entered the Ecumenical Temple
  3487 | D:5      | Entered Level 5 of the Dungeon
  3538 | D:5      | Found a radiant altar of Vehumet.
  3559 | D:5      | Found a sacrificial altar of Ru.
  3563 | D:5      | Noticed a slave
  3563 | D:5      | Noticed Pikel
  3565 | D:5      | Noticed a slave
  3565 | D:5      | Noticed a slave
  3565 | D:5      | Noticed a slave
  3584 | D:5      | Slain by Pikel

Levels and vault maps discovered:
D:1:      erik_arrival_blinker_ship, layout_basic
D:2:      layout_loops_ring, overflow_temple_1_default,
          chequers_ecumenical_altar_simple
D:3:      layout_loops_corners, nicolae_overflow_crystal_walls,
          lemuel_coloured_pillars_altar, nicolae_overflow_hidden_temple,
          first_ration
D:4:      layout_basic, lemuel_crystal_altar, minmay_temple_entry_poolview,
          uniq_menkaure
D:5:      layout_rooms, nicolae_ru_sacrificial_ziggurat,
          overflow_temple_1_default, fedhas_altar_4, gammafunk_ghost_cemetery,
          gup_ossuary_entry_pyramid, basic_altar, uniq_edmund, uniq_pikel,
          uniq_crazy_yiuf_cottage
Temple:   nicolae_temple_figure_zero

Skill      XL: |  1  2  3  4  5  6 |
---------------+-------------------+-----
Axes           | 3 4 |  4.9
Dodging        | 3 |  3.3
Fighting       | 3 4 |  4.2
Armour         | 1 2 |  2.1
Throwing       | |  1.9

Action                   |  1- 3 |  4- 6 || total
-------------------------+-------+-------++-------
Melee: War axe           |   148 |   123 ||   271
  Eat: Chunk             |    10 |    10 ||    20
Armor: Leather armour    |    52 |    29 ||    81
Dodge: Dodged            |    93 |    80 ||   173

Table legend:
 A = Non-vault XP
 B = Vault XP
 C = Vault XP percentage of total XP
 D = Non-vault monster count
 E = Vault monster count
 F = Vault count percentage of total count
                 A         B        C        D         E       F
            +---------+---------+-------+---------+---------+-------
      Total |     341 |     190 |  35.8 |      71 |       1 |   1.4
            +---------+---------+-------+---------+---------+-------
        D:1 |      24 |       0 |   0.0 |      14 |       0 |   0.0
        D:2 |      49 |       0 |   0.0 |      23 |       0 |   0.0
        D:3 |     158 |       0 |   0.0 |      25 |       0 |   0.0
        D:4 |     107 |     190 |  64.0 |       8 |       1 |  11.1
        D:5 |       3 |       0 |   0.0 |       1 |       0 |   0.0
            +---------+---------+-------+---------+---------+-------
